 Dungeon Crawl Stone Soup version 0.31.0-11-ge490571c62 (webtiles) character file.

Game seed: 17398213576733340884

104 mopl the Apothecary (level 4, -1/27 HPs)
             Began as an Octopode Alchemist on Feb 10, 2024.
             Killed from afar by Natasha (7 damage)
             ... with a magic dart
             ... on level 2 of the Dungeon.
             The game lasted 00:02:00 (1195 turns).

mopl the Apothecary (Octopode Alchemist)            Turns: 1195, Time: 00:02:01

Health: -1/27      AC:  1    Str:  7    XL:     4   Next: 80%
Magic:  8/8        EV: 13    Int: 19    God:
Gold:   40         SH:  0    Dex: 12    Spells: 4/9 levels left

rFire   . . .        c - +0 dagger (venom)
rCold   . . .        (no shield)
rNeg    . . .        (helmet restricted)
rPois   .            (no amulet)
rElec   .            (no ring)
rCorr   .            (no ring)
SInv    .            (no ring)
Will    .....        (no ring)
Stlth   +++          (no ring)
HPRegen 0.24/turn    (no ring)
MPRegen 0.11/turn    (no ring)
                     (no ring)

%: no passive effects
@: no status effects
A: almost no armour, amphibious, 8 rings, camouflage 1, gelatinous body 1,
(nimble swimmer 1), tentacles
a: no special abilities


You were on level 2 of the Dungeon.
You visited 1 branch of the dungeon, and saw 2 of its levels.

You collected 40 gold pieces.

Inventory:

Hand Weapons
 c - a +0 dagger of venom (weapon)
 f - a +2 dagger of freezing
Scrolls
 d - 2 scrolls of identify {unknown}
 e - a scroll of revelation {unknown}
Potions
 a - 2 potions of magic
 b - a potion of curing {unknown}


   Skills:
 - Level 2.0 Dodging
 - Level 2.6 Stealth
 + Level 3.1 Spellcasting
 + Level 2.5 Conjurations
 + Level 4.3 Alchemy


You had 4 spell levels left.
You knew the following spells:

 Your Spells              Type           Power      Damage    Failure   Level
a - Sting                 Conj/Alch      60%        1d6       3%          1
o - Olgreb's Toxic Radia  Alch           19%        N/A       26%         4

Your spell library contained the following spells:

 Spells                   Type           Power      Damage    Failure   Level
 Mercury Vapours          Alch/Air       22%        N/A       10%         2
 Sandblast                Erth           4%         2d4       16%         1
 Mephitic Cloud           Conj/Alch/Air  11%        N/A       19%         3
 Stone Arrow              Conj/Erth      14%        3d7       26%         3
 Passwall                 Erth           2%         N/A       41%         3
 Sticky Flame             Fire/Alch      11%        2d5       52%         4
 Brom's Barrelling Bould  Conj/Erth      7%         2d3       65%         4


Dungeon Overview and Level Annotations

Branches:
Dungeon (2/15)

Altars:

Annotations:
D:2 1 runed translucent door, Crazy Yiuf, Natasha


Innate Abilities, Weirdness & Mutations

You cannot wear most types of armour.
You are amphibious.
You can wear up to eight rings at the same time.
Your skin changes colour to match your surroundings (Stealth+).
Your rubbery body absorbs attacks. (AC +1, EV +1)
((You are camouflaged when in or above water. (Stealth+)))
You have tentacles for arms and can constrict up to eight enemies at once.


Message History

The bat is moderately wounded.
You constrict the bat. The bat hits you but does no damage.
The bat closely misses you.
The bat struggles to escape constriction.
Natasha mumbles some strange words.
Natasha shimmers violently.
You hit the bat.
You kill the bat!
Unknown command.
You closely miss Natasha. Your grab misses Natasha.
Your squeeze misses Natasha. Natasha misses you.
Unknown command.
You hit Natasha. Your grab misses Natasha. Your squeeze misses Natasha.
Natasha is lightly wounded.
The cerulean imp closely misses you. Natasha misses you.
You hit Natasha.
Natasha is poisoned.
You grab Natasha. You squeeze Natasha, but do no damage.
Natasha is moderately wounded.
You constrict Natasha, but do no damage.
The cerulean imp barely misses you. Natasha completely misses you.
You hit Natasha but do no damage.
Natasha looks as sick as possible!
Natasha is moderately wounded.
You constrict Natasha, but do no damage.
The cerulean imp closely misses you.
Natasha extends her claws.
Natasha barely misses you.
You hit Natasha but do no damage.
Natasha is moderately wounded.
You constrict Natasha, but do no damage.
The cerulean imp hits you from afar with a +1 spear.
Natasha claws you.
You hit Natasha but do no damage.
Natasha looks as sick as possible!
Natasha is moderately wounded.
You constrict Natasha.
The cerulean imp hits you from afar with a +1 spear.
* * * LOW HITPOINT WARNING * * *
Natasha casts a spell at you. The magic dart hits you!
You die...
Natasha begins licking her fur clean.

.##.... ..# #.# #.......#
.#####.# .. #.###.......# .. .#
... #..##.......# ..
#..###..#.......#
......#.#########
............#.## ...
...........########## .......
...................# ........
.....##@#.........######
...#....##.### #h#..............#
.h.........#####5#.........####..
.....#........##.#.....~##### ##.
.....# ##....##..###.~~≈≈≈≈## ##
.....####..##..(......~≈~~≈≈≈####
[....h...(5#####..5.~~≈≈~≈≈≈≈≈≈##
.....#####.# ##...~~≈~~≈≈≈≈####
....######.######....~~≈.##### #.


You could see Natasha (extremely poisoned) and a cerulean imp (summoned).

Vanquished Creatures
  Natasha (D:2)
  Robin (D:2)
  An adder (D:2)
  4 bats
  4 endoplasms
  2 giant cockroaches (D:2)
  11 goblins
  6 hobgoblins
  8 jackals (D:1)
  A kobold (D:2)
  A quokka (D:1)
  6 ball pythons
  4 rats
50 creatures vanquished.

Notes
Turn   | Place    | Note
-------+----------+-------------------------------------------
     0 | D:1      | mopl the Octopode Alchemist began the quest for the Orb.
     0 | D:1      | Reached XP level 1. HP: 11/11 MP: 3/3
   127 | D:1      | Reached XP level 2. HP: 13/17 MP: 5/5
   322 | D:1      | Reached XP level 3. HP: 13/21 MP: 6/6
   426 | D:1      | Found a faded altar of an unknown god.
   676 | D:2      | Noticed Robin
   724 | D:1      | Reached skill level 4 in Alchemy
   863 | D:2      | Reached XP level 4. HP: 15/27 MP: 5/8
   922 | D:2      | Killed Robin
   931 | D:2      | Noticed Natasha
   937 | D:2      | Killed Natasha
   947 | D:2      | Learned a level 4 spell: Olgreb's Toxic Radiance
  1018 | D:2      | Found a runed translucent door.
  1019 | D:2      | Noticed Crazy Yiuf
  1054 | D:2      | Noticed Natasha
  1195 | D:2      | Killed from afar by Natasha

Illustrated notes

Levels and vault maps discovered:
D:1:      co_arrival_square_in_a_square_in_a_square, layout_basic,
          shapermc_ecumenical_altar_pompeii
D:2:      layout_rooms, chequers_serial_rivers_large_a, st_stairs_3,
          minmay_tetromino_s4, uniq_robin, uniq_natasha, uniq_crazy_yiuf_cottage

Skill      XL: |  1  2  3  4 |
---------------+-------------+-----
Conjurations   | 2 |  2.5
Alchemy        | 4 |  4.3
Spellcasting   | 3 |  3.1
Dodging        | |  2.0
Stealth        | |  2.6

Action                     |  1- 3 |  4- 6 || total
---------------------------+-------+-------++-------
  Melee: Dagger            |    65 |    21 ||    86
         Tentacles         |    13 |     5 ||    18
         Constrict         |    19 |     6 ||    25
         Unarmed           |     3 |       ||     3
   Cast: Sting             |    12 |     7 ||    19
   Stab: Sleeping          |     2 |     2 ||     4
 Armour: Skin              |    39 |    16 ||    55
  Dodge: Dodged            |    56 |    28 ||    84
